Map: World of Sleepers LE

Players

Orocou

  • Race: Protoss Protoss
  • Spawn Location: 7:00

A.I. 1 (Elite) - Winner!

  • Race: Terran Terran
  • Spawn Location: 1:00

VOD

Have the link to the VOD?

Description

Failed game with a new build

Time

  • Played on: Dec. 27, 2019, 8:16 p.m.
  • Length: 11:53
Show
View Real Time Build Order
Export as new Build Order

Orocou Protoss 

Build Orders:  

Get SALT Encoding   

  12  0:01  Probe  
  13  0:13  Probe  
  14  0:19  Pylon  
  14  0:26  Probe  
  15  0:38  Probe  
  16  0:47  Gateway  
  16  0:51  Probe  
  16  0:56  Gateway  
  17  1:19  Gateway  
  17  1:23  Assimilator  
  17  1:27  Assimilator  
  17  1:35  Zealot  
  19  1:45  Zealot  
  19  1:46  Pylon  
  21  1:58  Cybernetics Core  
  21  2:02  Probe (Chrono Boost)  
  22  2:15  Probe (Chrono Boost)  
  23  2:17  Zealot  
  23  2:18  Zealot  
  23  2:20  Probe (Chrono Boost)  
  28  2:27  Zealot  
  28  2:29  Warp Gate (Chrono Boost), Probe  
  31  2:54  Pylon  
  31  3:05  Forge  
  31  3:11  Robotics Facility  
  31  3:17  Sentry  
  31  3:18  Sentry  
  35  3:27  Pylon  
  35  3:36  Adept  
  35  3:38  Protoss Ground Weapons Level 1 (Chrono Boost)  
  37  3:48  Pylon  
  37  3:49  Probe  
  38  4:04  Pylon  
  38  4:05  Observer  
  38  4:09  Pylon  
  39  4:12  Adept  
  41  4:24  Immortal (Chrono Boost)  
  45  4:48  Adept x2  
  45  4:49  Adept  
  51  5:17  Nexus  
  51  5:24  Assimilator  
  51  5:42  Assimilator  
  51  5:47  Pylon  
  51  5:49  Adept x2  
  55  6:06  Probe  
  56  6:11  Protoss Shields Level 1 (Chrono Boost)  
  56  6:24  Twilight Council  
  56  6:39  Probe x2  
  58  6:45  Zealot x2  
  58  6:46  Zealot  
  64  7:06  Probe x2  
  64  7:08  Charge (Chrono Boost)  
  66  7:17  Immortal (Chrono Boost)  
  70  7:29  Robotics Bay  
  70  7:37  Zealot x2  
  74  8:03  Probe x2  
  76  8:06  Zealot x2  
  76  8:10  Pylon  
  80  8:24  Pylon  
  80  8:28  Photon Cannon  
  80  8:38  Adept  
  80  8:39  Adept  
  84  8:44  Probe  
  84  8:45  Probe  
  86  8:58  Templar Archives  
  86  9:00  Probe x2  
  88  9:08  Resonating Glaives (Chrono Boost)  
  88  9:23  Colossus (Chrono Boost)  
  94  9:37  Stalker x2  
  98  9:45  Psionic Storm  
  98  9:52  Zealot  
  100  10:07  Gateway  
  100  10:10  Gateway  
  100  10:13  Extended Thermal Lance (Chrono Boost)  
  100  10:23  Adept  
  100  10:27  Probe x2  
  85  10:40  Zealot  
  56  10:57  Zealot  
  36  11:10  Zealot  
  36  11:11  Zealot  
  43  11:31  Gateway  
  43  11:32  High Templar x2  
  43  11:41  Archon  
Show
View Real Time Build Order
Export as new Build Order

A.I. 1 (Elite) Terran - Winner!

Build Orders:  

Get SALT Encoding   

  12  0:00  SCV  
  13  0:13  SCV  
  14  0:18  Supply Depot  
  14  0:25  SCV  
  15  0:40  SCV  
  15  0:41  Barracks  
  16  0:52  SCV  
  17  1:04  SCV  
  18  1:15  Supply Depot  
  18  1:16  SCV  
  19  1:21  Refinery  
  19  1:28  Marine, SCV  
  21  1:40  SCV  
  21  1:46  Marine  
  23  1:51  Barracks  
  23  1:53  SCV  
  24  1:54  Refinery  
  24  2:02  Supply Depot  
  24  2:04  Marine  
  24  2:05  SCV  
  26  2:17  SCV  
  26  2:22  Marine  
  28  2:24  Factory  
  28  2:29  SCV  
  29  2:37  Marine  
  29  2:40  Marine  
  29  2:41  SCV  
  32  2:53  SCV  
  32  2:55  Marine  
  32  2:58  Marine  
  35  3:04  Barracks  
  35  3:05  SCV  
  36  3:13  Marine  
  36  3:16  Barracks Tech Lab  
  36  3:17  SCV, Factory Tech Lab  
  38  3:29  SCV  
  38  3:30  Supply Depot  
  38  3:32  Barracks Tech Lab  
  39  3:52  Marine x2, Stimpack, SCV  
  42  4:00  Combat Shield  
  42  4:04  SCV  
  43  4:16  SCV  
  44  4:20  Supply Depot  
  44  4:28  SCV  
  45  4:38  Supply Depot  
  45  4:40  Marauder, Barracks Reactor  
  45  4:42  Marauder, SCV  
  45  4:45  Engineering Bay  
  50  4:49  Command Center  
  50  4:55  Orbital Command  
  50  5:01  Marine  
  50  5:03  Marauder  
  53  5:11  Terran Infantry Weapons Level 1  
  53  5:19  Marauder  
  55  5:22  Engineering Bay  
  55  5:23  Marine  
  55  5:25  Marauder  
  58  5:31  Supply Depot  
  58  5:35  Marine  
  58  5:41  Marauder  
  61  5:46  Marauder  
  61  5:48  Terran Infantry Armor Level 1  
  63  5:58  Supply Depot  
  63  6:02  Marauder, SCV x2  
  67  6:07  Marauder  
  67  6:11  Concussive Shells  
  69  6:14  SCV x2  
  71  6:21  Siege Tank  
  71  6:23  Marauder  
  76  6:26  SCV  
  76  6:28  SCV  
  76  6:29  Marauder  
  80  6:38  SCV  
  81  6:40  SCV  
  81  6:42  Supply Depot  
  82  6:49  Barracks  
  82  6:50  SCV  
  82  6:51  Missile Turret  
  82  6:53  Siege Tank  
  86  6:55  Orbital Command, Starport  
  86  7:05  Missile Turret  
  86  7:09  Command Center  
  86  7:19  Marauder  
  86  7:22  Marauder  
  90  7:25  Siege Tank  
  90  7:28  Supply Depot  
  93  7:32  Starport Reactor  
  93  7:40  Marauder  
  93  7:41  Marine  
  93  7:44  Marauder  
  98  7:49  Refinery  
  98  7:52  Supply Depot  
  98  7:54  Marine  
  98  7:57  Siege Tank  
  102  8:02  Refinery  
  102  8:08  Medivac  
  102  8:10  Missile Turret  
  104  8:17  Armory  
  104  8:22  SCV  
  104  8:23  SCV x2  
  104  8:25  Refinery  
  107  8:34  SCV  
  107  8:35  SCV x2  
  110  8:43  Missile Turret, Medivac  
  110  8:44  Missile Turret  
  110  8:47  SCV x2  
  114  8:49  SCV  
  114  8:54  Siege Tank  
  118  8:59  SCV, Supply Depot  
  118  9:00  SCV  
  118  9:01  SCV  
  121  9:07  Terran Infantry Weapons Level 2  
  121  9:11  SCV  
  121  9:12  SCV  
  121  9:13  SCV  
  124  9:18  Marauder  
  124  9:21  Marauder  
  124  9:23  SCV  
  129  9:25  SCV, Supply Depot  
  129  9:26  Siege Tank, SCV  
  134  9:35  SCV  
  134  9:36  Terran Vehicle Weapons Level 1  
  134  9:37  Orbital Command  
  135  9:38  SCV  
  135  9:39  Marauder  
  135  9:42  Marauder  
  140  9:46  Armory  
  140  9:47  SCV  
  140  9:48  Missile Turret  
  140  9:49  Supply Depot  
  140  9:51  SCV  
  142  9:59  SCV, Widow Mine  
  145  10:07  Refinery  
  145  10:09  Missile Turret  
  145  10:10  Medivac  
  145  10:12  Factory  
  145  10:13  Supply Depot  
  145  10:14  Command Center  
  147  10:20  Widow Mine  
  149  10:21  Starport  
  149  10:26  Marauder  
  149  10:29  Marine x3, SCV x2  
  149  10:31  Marine  
  149  10:32  Viking  
  147  10:38  Supply Depot  
  147  10:40  Viking  
  147  10:41  Widow Mine  
  146  10:44  Hi-Sec Auto Tracking  
  146  10:46  Marine  
  146  10:47  Marine  
  146  10:48  Marine  
  146  10:49  Marine x2  
  144  10:55  Widow Mine  
  140  10:57  Starport Tech Lab  
  140  11:02  Medivac  
  140  11:03  Cyclone  
  145  11:04  Marine x2  
  145  11:06  Marine  
  145  11:08  Marine x2  
  148  11:18  Factory Tech Lab, Supply Depot  
  150  11:22  Marine x2  
  152  11:27  SCV  
  153  11:34  Refinery  
  153  11:37  Refinery, Command Center  
  156  11:48  Missile Turret  
  156  11:53  Missile Turret  
Tags
 
Add a new tag
Caveats
  • Supply blocks, unpowered buildings, or Contaminate may cause inaccurate times.
  • Supply counts are checked every 10 seconds.